 Dungeon Crawl Stone Soup version 0.28.0-1-gb440e238dd (webtiles) character file.

Game seed: 17721768715297097711

828 Hasart the Sneak (level 7, -1/36 HPs)
             Began as a Vampire Enchanter on Feb 21, 2022.
             Slain by an orc warrior (18 damage)
             ... on level 5 of the Dungeon.
             The game lasted 00:07:48 (4451 turns).

Hasart the Sneak (Vampire Enchanter)                Turns: 4451, Time: 00:07:49

Health: -1/36      AC:  6    Str:  7    XL:     7   Next: 64%
Magic:  11/12      EV: 14    Int: 25    God:
Gold:   271        SH:  0    Dex: 15    Spells: 8/13 levels left

rFire   . . .      SeeInvis +   w - +0 rapier
rCold   + + .      Faith    .   (no shield)
rNeg    + + +      Spirit   .   b - +0 robe
rPois   ∞          Reflect  .   (no helmet)
rElec   .          Harm     .   e - +2 cloak
rCorr   .          Rampage  .   f - +0 pair of gloves
Will    .....                   (no boots)
Stlth   +++++.....              (no amulet)
HPRegen 0.00/turn               g - +4 ring of slaying
MPRegen 0.13/turn               p - +6 ring of intelligence

@: bloodless, inhibited regen
A: bloodless, fangs 3, see invisible, vampiric 2
a: Bat Form, Revivify


You were on level 5 of the Dungeon.
You visited 1 branch of the dungeon, and saw 5 of its levels.

You collected 271 gold pieces.

Inventory:

Hand Weapons
 a - a +1 dagger
 w - a +0 rapier (weapon)
Armour
 b - a +0 robe (worn)
 e - a +2 cloak (worn)
 f - a +0 pair of gloves (worn)
 h - a +0 leather armour
Jewellery
 g - a +4 ring of slaying (left hand)
 p - a +6 ring of intelligence (right hand)
 s - a ring of wizardry
Scrolls
 i - 2 scrolls of magic mapping {unknown}
 k - 3 scrolls of enchant weapon {unknown}
 m - 3 scrolls of teleportation {unknown}
 q - 5 scrolls of identify {unknown}
 y - 2 scrolls of immolation {unknown}
 z - a scroll of vulnerability {unknown}
Potions
 c - 3 potions of invisibility
 d - 4 potions of flight {unknown}
 j - a potion of haste {unknown}
 l - 3 potions of attraction {unknown}
 n - 3 potions of lignification {unknown}
 o - 2 potions of magic {unknown}
 r - a potion of brilliance {unknown}
 t - a potion of might {unknown}
 u - a potion of berserk rage {unknown}
 v - a potion of curing {unknown}
 x - a potion of mutation {unknown}


   Skills:
 + Level 4.0 Short Blades
 + Level 4.4 Dodging
 + Level 6.9 Stealth
 + Level 3.6 Spellcasting
 + Level 6.8 Hexes
 + Level 3.1 Ice Magic


You had 8 spell levels left.
You knew the following spells:

 Your Spells              Type           Power      Damage    Failure   Level
a - Ensorcelled Hibernat  Hex/Ice        58%        N/A       1%          2
b - Confusing Touch       Hex            38%        N/A       1%          3

Your spell library contained the following spells:

 Spells                   Type           Power      Damage    Failure   Level
 Tukima's Dance           Hex            38%        N/A       1%          3
 Dazzling Flash           Conj/Hex       42%        N/A       7%          3
 Sublimation of Blood     Necr           4%         N/A       14%         2
 Conjure Flame            Conj/Fire      4%         6-21      28%         3
 Ignite Poison            Fire/Tmut/Pois 4%         N/A       28%         3
 Petrify                  Tmut/Erth      4%         N/A       67%         4
 Sticky Flame             Conj/Fire      4%         2d3       67%         4
 Irradiate                Conj/Tmut      2%         3d14      95%         5


Dungeon Overview and Level Annotations

Branches:
Dungeon (5/15)
 Temple: D:4-7

Altars:
Nemelex Xobeh
Qazlal

Shops:
D:4 *


Innate Abilities, Weirdness & Mutations

You do not regenerate when monsters are visible.
You are frail without blood (-20% HP).
You can heal yourself when you bite living creatures.
You are immune to poison.
You have razor-sharp teeth.
You have supernaturally acute eyesight. (SInv)
You are afflicted with vampirism and can become a bat while bloodless.


Message History

Found a chain mail.
You open the door.
An orc warrior, an ufetubus and a dart slug come into view.
The orc warrior shouts!
Found five items.
There are monsters nearby!
There are monsters nearby!
Found a scroll labelled TOUDAMEGGA, a mace and a leather armour.
There is an open door here.
Casting: Confusing Touch (safe; 1% risk of failure)
Confirm with . or Enter, or press ? or * to list all spells.
Your hands begin to glow red.
The orc warrior hits you with a +0 war axe!
You hit the orc warrior but do no damage.
The orc warrior appears confused.
The orc warrior completely misses you.
You hit the orc warrior.
The orc warrior is lightly wounded.
You catch the helpless orc warrior completely off-guard!
You bite the orc warrior, and draw its blood!
You feel better.
You puncture the orc warrior!
The orc warrior is moderately wounded.
The orc warrior closely misses you.
You hit the orc warrior but do no damage.
The orc warrior is moderately wounded.
The orc warrior shouts, "What's happening?!"
The orc warrior closely misses you.
You catch the helpless orc warrior completely off-guard!
You bite the orc warrior, and draw its blood!
You feel better.
You puncture the orc warrior!
The orc warrior is severely wounded.
You hit the orc warrior.
The orc warrior is severely wounded.
The orc warrior hits you with a +0 war axe!!
Ouch! That really hurt!
You hit the orc warrior.
The orc warrior is severely wounded.
The orc warrior hits you with a +0 war axe!!
Ouch! That really hurt!
You die...

#...#.....#.........
##..#.....#......... ##...
#..#..<..#......... #....
#..##....##..###... ....
#..##....##..###... #...
+...#.............. #...
#...#.............. ..##...
#o.########........
.......##.@###...##..##...#
#.............##..# ####
#...##........#####
...#######...###+##
.............##.).#
..................+ #
...[....##........# .#
#..######.#####...##[.# #.
..##.5.##......#


You could see an orc warrior (confused).

Vanquished Creatures
  An ice beast (D:5)
  A black bear (D:4)
  An ogre (D:2)
  A scorpion (D:4)
  A water moccasin skeleton (D:5)
  A jelly (D:5)
  2 gnoll shamans
  2 hounds
  3 iguanas
  2 hound skeletons (D:4)
  8 gnolls
  2 adders
  A white imp (D:4)
  2 dart slugs
  13 orcs
  8 bats
  7 endoplasms
  A giant cockroach (D:2)
  4 goblins
  8 hobgoblins
  4 jackals (D:4)
  2 quokkas
  6 ball pythons
  5 frilled lizards
  2 kobolds (D:1)
  4 rats
92 creatures vanquished.

Notes
Turn   | Place    | Note
-------+----------+-------------------------------------------
     0 | D:1      | Hasart the Vampire Enchanter began the quest for the Orb.
     0 | D:1      | Reached XP level 1. HP: 13/13 MP: 3/3
   341 | D:1      | Reached XP level 2. HP: 15/15 MP: 5/5
   386 | D:1      | Learned a level 2 spell: Ensorcelled Hibernation
  1013 | D:2      | Gained mutation: You are afflicted with vampirism and can
                  | become a bat while bloodless. [Vampire growth]
  1013 | D:2      | Reached XP level 3. HP: 18/19 MP: 6/6
  1039 | D:2      | Noticed an ogre
  1082 | D:2      | Killed an ogre
  1083 | D:2      | Reached skill level 5 in Stealth
  1083 | D:2      | Reached skill level 5 in Hexes
  1083 | D:2      | Reached skill level 1 in Ice Magic
  1083 | D:2      | Reached XP level 4. HP: 24/24 MP: 2/7
  1548 | D:2      | Reached XP level 5. HP: 20/28 MP: 8/8
  1906 | D:3      | Learned a level 3 spell: Confusing Touch
  2225 | D:3      | Found a faded altar of an unknown god.
  3034 | D:4      | Found a sparkling altar of Nemelex Xobeh.
  3047 | D:4      | Reached XP level 6. HP: 32/32 MP: 10/10
  3354 | D:4      | Found Qintejoa's Mass Market.
  3423 | D:4      | Found a stormy altar of Qazlal.
  3474 | D:5      | Entered Level 5 of the Dungeon
  3804 | D:5      | Reached XP level 7. HP: 36/36 MP: 3/11
  4451 | D:5      | Slain by an orc warrior

Illustrated notes

Levels and vault maps discovered:
D:1:      giann_wishing_wells, layout_loops_ring, minmay_tromino_mix6
D:2:      layout_loops_cross, wad_floor_pattern_2
D:3:      layout_basic, ebering_ecumenical_altar_hall
D:4:      layout_rooms, nemelex_dance_club_becter, mainiacjoe_overflow_alcove_1,
          minmay_shop_mass, minmay_misc_feat_ornament
D:5:      layout_gridville, minmay_joined_circles

Skill      XL: |  1  2  3  4  5  6  7 |
---------------+----------------------+-----
Short Blades   | 2 3 4 |  4.0
Dodging        | 3 4 |  4.4
Stealth        | 5 6 |  6.9
Hexes          | 5 6 |  6.8
Ice Magic      | 1 2 3 |  3.1
Spellcasting   | 3 |  3.6

Action                   |  1- 3 |  4- 6 |  7- 9 || total
-------------------------+-------+-------+-------++-------
Melee: Dagger            |    51 |    80 |       ||   131
       Bite              |     2 |     8 |     5 ||    15
       Punch             |     1 |       |       ||     1
       Rapier            |       |    18 |    38 ||    56
 Cast: Ensorcelled Hiber |     3 |    16 |     8 ||    27
       Confusing Touch   |       |     1 |     2 ||     3
 Abil: Exsanguinate      |     1 |       |       ||     1
  Use: Scroll            |       |     1 |       ||     1
 Stab: Sleeping          |    12 |    28 |     7 ||    47
       Confused          |       |     1 |     5 ||     6
Armor: Robe              |    12 |    31 |     2 ||    45
Dodge: Dodged            |    17 |    65 |    21 ||   103
